 Dungeon Sprint DCSS version 0.17.2-1-ge4368a0 (webtiles) character file.

1789 mopl the Unseen (level 8, -9/42 HPs)
             Began as a Spriggan Assassin on Aug 23, 2016.
             Was a Follower of Trog.
             Killed from afar by a death drake (14 damage)
             ... with a foul vapour
             ... in the Dungeon (Sprint II: "The Violet Keep of Menkaure").
             The game lasted 00:03:50 (291 turns).

mopl the Unseen (Spriggan Assassin)                  Turns: 291, Time: 00:03:50

Health: -9/42      AC:  4    Str:  7    XL:     8   Next: 82%
Magic:  9/9        EV: 17    Int: 12    God:    Trog [*.....]
Gold:   68         SH:  0    Dex: 20    Spells: 0 memorised, 7 levels left

rFire  + . .     SeeInvis +     a - +2 dagger
rCold  + . .     Clarity  .     c - +0 robe
rNeg   . . .     SustAt   .     (shield restricted)
rPois  .         Gourm    .     (helmet restricted)
rElec  .         Spirit   .     o - +1 cloak {MR+}
rCorr  .         Warding  .     (gloves unavailable)
rMut   .         NoTele   +     (boots unavailable)
MR     +++..                    n - amulet of Wojena {Faith rF+ rC+ MR+}
Stlth  +++.......               (no ring)
                                (no ring)

@: confused, lethally poisoned (-9 -> -22), exhausted, slowed, quick, extremely
resistant to hostile enchantments, fairly stealthy
A: unfitting armour, see invisible, herbivore 3, speed 3, slow metabolism 2
a: Berserk, Burn Spellbooks, Renounce Religion


You were in the Dungeon.
You worshipped Trog.
Trog was aware of your devotion.
You were not hungry.

You visited 1 branch You collected 972 gold pieces.
You spent 904 gold pieces at shops.

Inventory:

Hand Weapons
 a - a +2 dagger (weapon)
 b - a +5 blowgun
Missiles
 e - 8 poisoned needles
 f - a curare-tipped needle
Armour
 c - a +0 robe (worn)
 o - a +1 cloak of magic resistance (worn)
Jewellery
 n - the amulet of Wojena (around neck) {Faith rF+ rC+ MR+}
   (You bought it in a shop in the Dungeon)

   [amulet of faith]

   It allows you to gain divine favour quickly.
   It protects you from fire.
   It protects you from cold.
   It affects your resistance to hostile enchantments.
Scrolls
 d - a scroll of identify {unknown}
 m - a scroll of blinking
Potions
 h - a potion of curing
 i - a potion of heal wounds
 j - a potion of haste
 k - 2 potions of magic
 l - a potion of berserk rage {!q}
Comestibles
 g - a bread ration


   Skills:
 + Level 4.2 Fighting
 + Level 5.5 Short Blades
 * Level 14.7 Throwing
 - Level 1.5 Dodging
 + Level 16.4 Stealth


You had 7 spell levels left.
You didn't know any spells.

Dungeon Overview and Level Annotations

Branches:
Dungeon (1/1)

Altars:
Cheibriados
Dithmenos
Elyvilon
Fedhas
Gozag
Kikubaaqudgha
Makhleb
Nemelex Xobeh
Okawaru
Qazlal
Ru
Sif Muna
Trog
Vehumet
Xom
Yredelemnul
Zin
The Shining One
Beogh
Jiyva
Lugonu

Shops:
D =:!=?:(%=:[[}}[!

Annotations:
D exclusion: oklob plant, Roxanne


Innate Abilities, Weirdness & Mutations

You are tiny and cannot use many weapons and most armour.
You have supernaturally acute eyesight.
You are a herbivore.
You cover ground extremely quickly.
You need consume almost no food.


Message History

You bump into the stone wall.
The swamp drake breathes noxious fumes at you.
The noxious blast engulfs you!
The swamp drake breathes noxious fumes at you.
The noxious blast engulfs you! The death drake barely misses you.
You are engulfed in noxious fumes.
You choke on the stench!
You are more confused.
* * * LOW HITPOINT WARNING * * *
The swamp drake bites you but does no damage.
The death drake bites you.
* * * LOW HITPOINT WARNING * * *
The swamp drake closely misses you.
There is an open door, spattered with blood here.
You bump into the stone wall.
You are engulfed in noxious fumes.
You choke on the stench!
You are more confused.
The death drake breathes miasma at you. The foul vapour engulfs you!
You are lethally poisoned!
You die...

≈.§≈≈§ ..## # §§≈. ...
#+++#+++## .^. .........# .. #
≈†##'##..# #. .# ≈##...##.####
+.##.# ≈#††#..# ...# #...#
###.#.####..#####k§# )?[
†###'###.##..#§§@k.# ▓$?([(
####.##...#..#§k#§.# #▓=$!??$)?
#.'.<.'###'..####^§##.#▓(($!!)[)
†.##.##...#....###...##▓▓▓▓▓▓▓+
.###'###.##.....§≈≈≈≈≈≈≈≈≈≈≈≈≈
###..†####≈≈..§..≈#'########+###
≈#.†##.#≈≈≈≈≈≈≈§.≈#..._._..#≈§§#
≈#### ##≈≈≈≈≈≈≈≈.≈#.._._._.#§§≈§
≈≈# #≈≈§§≈§§≈≈≈≈#._._†_..#§§≈§


You could see a death drake and 2 swamp drakes.

Vanquished Creatures
  An ice dragon (D)
  2 boulder beetles (D)
  4 necrophages (D)
  2 crocodiles (D)
  4 brain worms (D)
  A hell rat (D)
  3 worms (D)
17 creatures vanquished.

Vanquished Creatures (others)
  Menkaure (D)
1 creature vanquished.

Grand Total: 18 creatures vanquished

Notes
Turn   | Place    | Note
--------------------------------------------------------------
     0 | D        | mopl the Spriggan Assassin began the quest for the Orb.
     0 | D        | Reached XP level 1. HP: 10/10 MP: 2/2
     1 | D        | Noticed a brain worm
     1 | D        | Noticed a brain worm
     1 | D        | Noticed a brain worm
     1 | D        | Noticed a brain worm
     3 | D        | Killed a brain worm
     3 | D        | Reached skill level 6 in Throwing
     3 | D        | Reached skill level 8 in Stealth
     3 | D        | Reached XP level 2. HP: 14/14 MP: 3/3
     3 | D        | Reached XP level 3. HP: 18/18 MP: 4/4
     5 | D        | Killed a brain worm
     5 | D        | Reached skill level 8 in Throwing
     5 | D        | Reached skill level 10 in Stealth
     5 | D        | Reached XP level 4. HP: 22/22 MP: 5/5
     7 | D        | Killed a brain worm
     7 | D        | Reached skill level 9 in Throwing
     7 | D        | Reached skill level 11 in Stealth
     7 | D        | Reached XP level 5. HP: 25/25 MP: 6/6
     9 | D        | Killed a brain worm
     9 | D        | Reached skill level 10 in Throwing
     9 | D        | Reached skill level 12 in Stealth
    11 | D        | Killed Menkaure
    15 | D        | Noticed a boulder beetle
    15 | D        | Noticed a boulder beetle
    18 | D        | Noticed a necrophage
    18 | D        | Noticed a necrophage
    18 | D        | Noticed a necrophage
    18 | D        | Noticed a necrophage
    21 | D        | Killed a necrophage
    21 | D        | Reached skill level 11 in Throwing
    21 | D        | Reached skill level 13 in Stealth
    21 | D        | Reached XP level 6. HP: 30/30 MP: 7/7
    22 | D        | Killed a necrophage
    25 | D        | Killed a necrophage
    25 | D        | Reached skill level 12 in Throwing
    25 | D        | Reached skill level 14 in Stealth
    25 | D        | Reached XP level 7. HP: 33/33 MP: 8/8
    27 | D        | Killed a necrophage
    54 | D        | Killed a boulder beetle
    54 | D        | Reached skill level 13 in Throwing
    54 | D        | Reached skill level 15 in Stealth
    59 | D        | Killed a boulder beetle
    59 | D        | Reached skill level 2 in Fighting
    59 | D        | Reached skill level 3 in Short Blades
    87 | D        | Found Ruucvel's Distillery.
    87 | D        | Found Goizoc's Gadget Shoppe.
    87 | D        | Found Zarghot's Antique Armour Shoppe.
    87 | D        | Found Fiom's Antique Armour Emporium.
    88 | D        | Found Kaih Fep's Gadget Emporium.
    88 | D        | Found Wesiarea's Book Shoppe.
    88 | D        | Found Detyicuw's Jewellery Emporium.
    88 | D        | Found Amihuuc's Food Shoppe.
    90 | D        | Reached XP level 8. HP: 39/39 MP: 9/9
   106 | D        | Found a sacrificial altar of Ru.
   107 | D        | Found a corrupted altar of Lugonu.
   107 | D        | Found a roughly hewn altar of Beogh.
   108 | D        | Found a stormy altar of Qazlal.
   108 | D        | Found a sparkling altar of Nemelex Xobeh.
   109 | D        | Found a blossoming altar of Fedhas.
   109 | D        | Found a viscous altar of Jiyva.
   109 | D        | Found a shadowy altar of Dithmenos.
   109 | D        | Found a deep blue altar of Sif Muna.
   109 | D        | Found an opulent altar of Gozag.
   110 | D        | Noticed a crocodile
   110 | D        | Found a radiant altar of Vehumet.
   110 | D        | Found a burning altar of Makhleb.
   110 | D        | Found an iron altar of Okawaru.
   111 | D        | Found a snail-covered altar of Cheibriados.
   111 | D        | Found a bloodstained altar of Trog.
   111 | D        | Found a white marble altar of Elyvilon.
   112 | D        | Found a basalt altar of Yredelemnul.
   114 | D        | Found a glowing golden altar of the Shining One.
   114 | D        | Found a shimmering altar of Xom.
   115 | D        | Found an ancient bone altar of Kikubaaqudgha.
   115 | D        | Found a glowing silver altar of Zin.
   119 | D        | Noticed a crocodile
   120 | D        | Became a worshipper of Trog the Wrathful
   126 | D        | Noticed a crocodile
   129 | D        | Killed a crocodile
   159 | D        | Found Qopadoats's Book Shoppe.
   159 | D        | Found Teqomn's Armour Emporium.
   159 | D        | Found Reostrama's Antique Weapon Emporium.
   159 | D        | Found Dal Tir's Magic Scroll Shoppe.
   159 | D        | Noticed a crocodile
   159 | D        | Noticed a hell hog
   175 | D        | Noticed Roxanne
   179 | D        | Killed a crocodile
   187 | D        | Found Bihoiluf's Jewellery Shoppe.
   187 | D        | Found Sityoh's Distillery.
   187 | D        | Noticed a hell hog
   187 | D        | Noticed an oklob plant
   188 | D        | Found Avainij's Jewellery Shoppe.
   188 | D        | Found Kisi's Book Shoppe.
   189 | D        | Noticed a spiny frog
   190 | D        | Noticed a spiny frog
   192 | D        | Noticed a polar bear
   194 | D        | Bought a glowing blowgun for 55 gold pieces
   197 | D        | Noticed a polar bear
   199 | D        | Bought the amulet of Wojena {Faith rF+ rC+ MR+} for 732 gold pieces
   209 | D        | Bought an embroidered cloak for 117 gold pieces
   240 | D        | Noticed a hell rat
   242 | D        | Killed a hell rat
   242 | D        | Reached * piety under Trog
   274 | D        | Noticed an ice dragon
   280 | D        | Killed an ice dragon
   280 | D        | Reached skill level 4 in Fighting
   280 | D        | Reached skill level 5 in Short Blades
   280 | D        | Reached skill level 14 in Throwing
   280 | D        | Reached skill level 16 in Stealth
   281 | D        | Noticed a swamp drake
   283 | D        | Noticed a swamp drake
   286 | D        | Noticed a death drake
   291 | D        | Killed from afar by a death drake

Action                   |  1- 3 |  4- 6 |  7- 9 || total
-------------------------+-------+-------+-------++-------
Melee: Dagger            |     2 |     5 |    19 ||    26
 Fire: Blowgun           |       |       |     6 ||     6
Invok: Berserk           |       |       |     1 ||     1
 Stab: Sleeping          |     2 |     5 |     9 ||    16
